 Dungeon Crawl Stone Soup version 0.30.1-4-g462c640d31 (webtiles) character file.

Game seed: 16447725556547930649

562 spardeous the Digger (level 6, -4/44 (45) HPs)
             Began as a Demigod Earth Elementalist on Aug 15, 2023.
             Slain by a wight
             ... wielding a +0 war axe
              (7 damage)
             ... on level 5 of the Dungeon.
             The game lasted 00:05:16 (3178 turns).

spardeous the Digger (Demigod Earth Elementalist)   Turns: 3178, Time: 00:05:17

HP:   -4/44 (45)    AC:  6    Str:  9    XL:     6   Next: 83%
MP:   18/20         EV: 10    Int: 25    God:
Gold: 81            SH:  0    Dex: 14    Spells: 4/8 levels left

rFire   . . .        u - +3 trident
rCold   . . .        (no shield)
rNeg    . . .        n - +0 ring mail
rPois   .            i - +0 helmet
rElec   .            (no cloak)
rCorr   .            (no gloves)
SInv    .            (no boots)
Will    .....        (no amulet)
Stlth   +            e - ring of magical power
HPRegen 0.27/turn    (no ring)
MPRegen 0.17/turn

%: no passive effects
@: lightly drained
A: high MP 1, forlorn, divine attributes
a: no special abilities


You were on level 5 of the Dungeon.
You visited 1 branch of the dungeon, and saw 5 of its levels.

You collected 109 gold pieces.
You spent 28 gold pieces at shops.

Inventory:

Hand Weapons
 u - a +3 trident (weapon)
Armour
 a - a +0 robe
 i - a +0 helmet (worn)
 n - a +0 ring mail (worn)
Jewellery
 e - a ring of magical power (left hand)
Wands
 s - a wand of acid (8)
Scrolls
 c - 5 scrolls of poison
 f - 2 scrolls of fog {unknown}
 g - a scroll of immolation
 h - 2 scrolls of amnesia {unknown}
 l - a scroll of magic mapping {unknown}
 o - a scroll of enchant armour {unknown}
 r - a scroll of enchant weapon {unknown}
Potions
 b - a potion of magic
 d - 2 potions of degeneration {unknown}
 j - a potion of curing
 k - a potion of ambrosia {unknown}
 m - 2 potions of haste {unknown}
 p - a potion of flight
 q - 2 potions of heal wounds {unknown}
 t - a potion of might {unknown}
 v - a potion of attraction {unknown}


   Skills:
 - Level 1.7 Dodging
 - Level 1.7 Stealth
 - Level 1.7 Spellcasting
 + Level 2.3 Conjurations
 - Level 0.8 Transmutations
 - Level 7.0 Earth Magic


You had 4 spell levels left.
You knew the following spells:

 Your Spells              Type           Power      Damage    Failure   Level
a - Sandblast             Erth           74%        2d16      1%          1
b - Stone Arrow           Conj/Erth      50%        3d10      14%         3

Your spell library contained the following spells:

 Spells                   Type           Power      Damage    Failure   Level
 Passwall                 Tmut/Erth      17%        N/A       10%         2
 Momentum Strike          Conj/Tloc      16%        3d8       30%         2
 Blink                    Tloc           4%         N/A       43%         2
 Lesser Beckoning         Tloc           4%         N/A       43%         2
 Petrify                  Tmut/Erth      21%        N/A       54%         4
 Leda's Liquefaction      Hex/Erth       9%         N/A       58%         4
 Lee's Rapid Deconstruct  Erth           18%        3d11*     45%         5
 Statue Form              Tmut/Erth      14%        N/A       100%        6


Dungeon Overview and Level Annotations

Branches:
Dungeon (5/15)
 Temple: D:4-7

Shops:
D:3 *

Annotations:
D:5 Sigmund


Innate Abilities, Weirdness & Mutations

You have an increased reservoir of magic. (+10% MP)
You shall have no god before yourself.
Your divine heritage dramatically boosts your attributes as you level up.


Message History

The magic dart hits you.
You take 5 damage, and have 23/45 hp.
The hound attacks as you move away! The hound bites you.
You take 3 damage, and have 21/45 hp.
The hound attacks as you move away! The hound bites you but does no damage.
The hound bites you.
* * * LOW HITPOINT WARNING * * *
You take 3 damage, and have 18/45 hp.
Casting: Sandblast (safe; 1% risk of failure)
Confirm with . or Enter, or press ? or * to list all spells.
Aiming: Sandblast (safe; 1% risk of failure)
Press: ? - help, Shift-Dir - straight line, f - hound
Aim: a hound (78% to hit)
The blast of sand misses the hound.
The hound bites you but does no damage. The hound barely misses you.
Unknown command.
Casting: Sandblast (safe; 1% risk of failure)
Confirm with . or Enter, or press ? or * to list all spells.
Aiming: Sandblast (safe; 1% risk of failure)
Press: ? - help, Shift-Dir - straight line, f/p - hound
Aim: a hound (78% to hit)
The blast of sand hits the hound!!
You kill the hound!
You now have 18/20 mp.
The wight attacks as you move away! The wight hits you with a +0 war axe.
* * * LOW HITPOINT WARNING * * *
You take 3 damage, and have 16/45 hp.
The wight attacks as you move away! The wight hits you with a +0 war axe!
* * * LOW HITPOINT WARNING * * *
You feel drained.
* * * LOW HITPOINT WARNING * * *
You take 14 damage, and have 3/44 hp.
MASSIVE DAMAGE!!
Casting: Sandblast (safe; 1% risk of failure)
Confirm with . or Enter, or press ? or * to list all spells.
Aiming: Sandblast (safe; 1% risk of failure)
Press: ? - help, Shift-Dir - straight line, f - wight
Aim: a wight, wielding a +0 war axe and wearing a +0 robe (84% to hit)
The blast of sand misses the wight.
The wight barely misses you. The wight hits you with a +0 war axe!
You die...

#################################
.................................
#################......####....##
#......# #....# #......# #....#
#......# #.)..# #......# #....#
#####......# #....## #...@......#
#...... #...z......# #>....[
#.z........# ##.....
#############.@...###### #.....
..................# #.....
..................# ...<
..................# ####
................###
..........†.....#


You could see Sigmund and 2 wights.

Vanquished Creatures
  Eustachio (D:5)
  A scorpion (D:5)
  A wight (D:5)
  A hound (D:5)
  An iguana (D:5)
  Natasha (thrice) (D:3)
  Robin (D:3)
  5 adders
  4 gnolls (D:3)
  A shadow imp (D:5)
  2 worms (D:2)
  5 dart slugs
  8 ball pythons
  8 endoplasms
  11 goblins
  9 hobgoblins
  6 kobolds
  2 quokkas (D:1)
  A bat (D:2)
  3 frilled lizards (D:2)
  3 rats
77 creatures vanquished.

Notes
Turn   | Place    | Note
-------+----------+-------------------------------------------
     0 | D:1      | spardeous the Demigod Earth Elementalist began the quest
                  | for the Orb.
     0 | D:1      | Reached XP level 1. HP: 14/14 MP: 5/5
    62 | D:1      | Reached skill level 3 in Earth Magic
   269 | D:1      | Reached XP level 2. HP: 20/20 MP: 4/7
   961 | D:2      | Reached XP level 3. HP: 26/26 MP: 8/8
  1009 | D:2      | Reached skill level 4 in Earth Magic
  1634 | D:3      | Noticed Natasha
  1636 | D:3      | Killed Natasha
  1645 | D:3      | Noticed Natasha
  1650 | D:3      | Killed Natasha
  1651 | D:3      | Reached XP level 4. HP: 23/33 MP: 9/9
  1815 | D:3      | Reached skill level 5 in Earth Magic
  1875 | D:3      | Noticed Robin
  2011 | D:3      | Killed Robin
  2149 | D:3      | Learned a level 3 spell: Stone Arrow
  2150 | D:3      | Found Zisuntef's General Store.
  2195 | D:3      | Reached XP level 5. HP: 13/38 MP: 10/10
  2479 | D:3      | Bought a scroll of identify for 28 gold pieces
  2523 | D:3      | Noticed Natasha
  2527 | D:3      | Killed Natasha
  2901 | D:4      | You fall into a shaft and drop 1 floor!
  2901 | D:5      | Entered Level 5 of the Dungeon
  2907 | D:5      | Reached skill level 6 in Earth Magic
  2909 | D:5      | Noticed Eustachio
  2930 | D:5      | Killed Eustachio
  2931 | D:5      | Reached XP level 6. HP: 23/45 MP: 11/11
  2965 | D:5      | Reached skill level 7 in Earth Magic
  3094 | D:5      | Reached skill level 1 in Conjurations
  3162 | D:5      | Noticed Sigmund
  3178 | D:5      | Slain by a wight

Illustrated notes

Levels and vault maps discovered:
D:1:      sevenhm_arrival_forest_fort_large_2, layout_loops_ring
D:2:      layout_loops_ring, basic_altar
D:3:      layout_basic, serial_shops, shop_fountains, uniq_robin, uniq_natasha
D:4:      layout_rooms, mainiacjoe_overflow_catwalk_spiral,
          minmay_temple_entry_enclosed_plants, nicolae_shop_i_like_big_books,
          nrook_campfire, hangedman_decor_push, kennysheep_generic_room_6
D:5:      layout_basic, lightli_ossuary_entry_decrepit_ruins,
          gammafunk_ghost_hive, uniq_eustachio, uniq_sigmund

Skill      XL: |  1  2  3  4  5  6 |
---------------+-------------------+-----
Earth Magic    | 3 4 5 6 7 |  7.0
Conjurations   | 2 |  2.3
Dodging        | |  1.7
Stealth        | |  1.7
Spellcasting   | |  1.7
Transmutations | |  0.8

Action                     |  1- 3 |  4- 6 || total
---------------------------+-------+-------++-------
   Cast: Sandblast         |    48 |    70 ||   118
    Use: Scroll            |       |     4 ||     4
 Armour: Ring mail         |       |    33 ||    33
  Dodge: Dodged            |     3 |    44 ||    47
